 Dungeon Crawl Stone Soup version 0.28-a0-691-gad6df49e81 (webtiles) character file.

Game seed: 15935992335365527

182 cheechan the Chopper (level 5, -12/55 HPs)
             Began as a Naga Chaos Knight on Oct 21, 2021.
             Was a Plaything of Xom.
             Mangled by a sun demon (13 damage)
             ... summoned by Xom
             ... on level 3 of the Dungeon.
             The game lasted 00:11:49 (3243 turns).

cheechan the Chopper (Naga Chaos Knight)            Turns: 3243, Time: 00:11:50

Health: -12/55     AC:  7    Str: 11 (13) XL:     5   Next: 61%
Magic:  4/5        EV:  9    Int: 12      God:    Xom [......]
Gold:   47         SH:  0    Dex: 10 (11) Spells: 3/4 levels left

rFire   . . .      SeeInvis +   a - +1 hand axe (chaos)
rCold   . . .      Faith    .   (no shield)
rNeg    . . .      Spirit   .   b - +2 leather armour
rPois   +          Reflect  .   (no helmet)
rElec   .          Harm     .   (no cloak)
rCorr   .          Rampage  .   (no gloves)
Will    .....                   (no barding)
Stlth   +.........              (no amulet)
HPRegen 0.18/turn               (no ring)
MPRegen 0.09/turn               (no ring)

@: very slightly contaminated, unable to read, very slow
A: AC +1, large, see invisible, deformed body, poison resistance, slowness 2,
spit poison 2, naga tail 1, iridescent scales 1, deterioration 1, robust 1, weak
1, evolution 1, inability to read while threatened, MP-powered wands
a: Breathe Poison Gas, Renounce Religion


You were on level 3 of the Dungeon.
You worshipped Xom.
You were a very special plaything of Xom.
You visited 1 branch of the dungeon, and saw 3 of its levels.
You also visited: Sewer.

You collected 47 gold pieces.

Inventory:

Hand Weapons
 a - a +1 hand axe of chaos (weapon)
 e - a +0 quarterstaff
Missiles
 c - 73 stones
 d - 43 bolts
 f - 60 sling bullets
 h - 33 arrows
 j - 6 poisoned darts
Armour
 b - a +2 leather armour (worn)
Scrolls
 g - a scroll of fog
 i - a scroll of identify
Potions
 k - 2 potions of heal wounds
 l - 2 potions of flight


   Skills:
 + Level 3.8 Fighting
 + Level 4.4 Axes
 + Level 2.7 Armour
 + Level 1.4 Dodging
 + Level 1.5 Stealth


You had 3 spell levels left.
You knew the following spells:

 Your Spells              Type           Power      Damage    Failure   Level
a - Foxfire               Conj/Fire      0%         2x1d4     38%         1

Your spell library contained the following spells:

 Spells                   Type           Power      Damage    Failure   Level
 Conjure Flame            Conj/Fire      0%         6-21      77%         3
 Inner Flame              Hex/Fire       0%         N/A       77%         3
 Flame Wave               Conj/Fire      0%         3d3       99%         4


Dungeon Overview and Level Annotations

Branches:
Dungeon (3/15)              Sewer (visited)

Altars:
Xom


Innate Abilities, Weirdness & Mutations

Your serpentine skin is tough. (AC +1)
You have supernaturally acute eyesight. (SInv)
Armour fits poorly on your strangely shaped body.
Your system is resistant to poisons. (rPois)
You cover ground very slowly.
You can exhale a cloud of poison.
You have a snake-like lower body.
You are partially covered in iridescent scales. (AC +2)
Your body sometimes deteriorates upon taking damage.
You are robust. (+10% HP)
You are weak. (Str -2)
You have hidden genetic potential.
You sometimes lose the ability to read scrolls when taking damage.
You expend magic power (3 MP) to strengthen your wands.


Message History

You slash the adder!
You kill the adder!
You hit the ball python but do no damage.
Space bends around the ball python.
You kill the ball python!
You see here an adder corpse.
Found a stone staircase leading down.
c - 73 stones (gained 2)
You see here a +0 dagger.
The stone staircase leading up slides away as you move beside it!
Found a book of Flames.
You are now a very special plaything of Xom.
You pick up a book of Flames and begin reading...
You add the spells Foxfire, Conjure Flame, Inner Flame and Flame Wave to your library.
Memorise Foxfire, consuming 1 spell level and leaving 3?
You start memorising the spell.
You continue memorising.
You finish memorising.
Spell assigned to 'a'. "Fight to survive, mortal."
The ufetubus barely misses you.
The ufetubus hits you but does no damage.
The sun demon hits you.
You are engulfed in flames!
Your body deteriorates!
You feel clumsy. The sun demon barely misses you. The ufetubus hits you.
The ufetubus closely misses you.
Casting: Foxfire (safe; 38% risk of failure)
Confirm with . or Enter, or press ? or * to list all spells.
You miscast Foxfire.
You are very lightly contaminated with residual magic.
Nothing appears to happen.
The sun demon hits you!
You feel threatened and lose the ability to read scrolls!
Your body deteriorates!
You feel weakened.
A shower of butterflies erupts from you!
You are engulfed in flames!
* * * LOW HITPOINT WARNING * * *
The sun demon hits you!
* * * LOW HITPOINT WARNING * * *
Your body deteriorates!
You feel weakened.
You are engulfed in flames!
You die...
Xom chuckles heartily!

♣P.P♣....#
♣PP.♣##.##
#♣♣.###.#♣♣♣###
#.............
#.####.#♣♣♣###
...######.## #†#
.......b.b.###.##
...####..b3..<).#
#.#@3###..#
...#.5# #..#
#####..# #..#
#### #..# #..#
#..# #>..


You could see 2 sun demons and an ufetubus (summoned).

Vanquished Creatures
  A kobold brigand (Sewer)
  4 adders
  2 river rats (Sewer)
  A worm (D:2)
  A dart slug (D:1)
  2 endoplasms
  8 giant cockroaches
  3 goblins
  4 jackals
  8 kobolds
  3 quokkas (D:3)
  6 ball pythons
  2 bats (D:2)
  A frilled lizard (D:2)
  9 rats
55 creatures vanquished.

Vanquished Creatures (others)
  3 plants (D:3)
3 creatures vanquished.

Grand Total: 58 creatures vanquished

Notes
Turn   | Place    | Note
-------+----------+-------------------------------------------
     0 | D:1      | cheechan the Naga Chaos Knight began the quest for the Orb.
     0 | D:1      | Reached XP level 1. HP: 21/21 MP: 1/1
    30 | D:1      | XOM: silly message
   161 | D:1      | XOM: silly message
   311 | D:1      | XOM is BORED!
   311 | D:1      | XOM: silly message
   351 | D:1      | Reached XP level 2. HP: 28/28 MP: 2/2
   602 | D:1      | XOM is BORED!
   648 | D:1      | XOM: divination: detect items
  1431 | D:2      | Reached XP level 3. HP: 18/34 MP: 3/3
  1625 | D:2      | XOM: noise
  1676 | D:2      | Reached skill level 1 in Dodging
  1676 | D:2      | Reached skill level 1 in Stealth
  1677 | D:2      | HP: 1/34 [poisoned by an adder]
  1714 | D:2      | XOM: noise
  1771 | D:2      | XOM: silly message
  1836 | D:2      | XOM: scenery: 1 doors open
  1958 | D:2      | XOM: scenery: create altars
  2035 | D:2      | XOM: give mutation
  2035 | D:2      | Gained mutation: You sometimes lose the ability to read
                  | scrolls when taking damage. [Xom's mischief]
  2040 | D:2      | XOM: god gift: 18 arrows
  2265 | D:2      | XOM: cloud trail
  2551 | D:3      | XOM: give mutations
  2551 | D:3      | Gained mutation: You can exhale a cloud of poison. [Xom's
                  | grace]
  2551 | D:3      | Gained mutation: You are robust. (+10% HP) [Xom's grace]
  2551 | D:3      | Gained mutation: You have hidden genetic potential. [Xom's
                  | grace]
  2551 | D:3      | Gained mutation: You expend magic power (3 MP) to
                  | strengthen your wands. [Xom's grace]
  2558 | D:3      | Reached XP level 4. HP: 38/46 MP: 4/4
  2571 | D:3      | Found a glowing drain.
  2599 | Sewer    | Entered a sewer
  2830 | Sewer    | Noticed a kobold brigand
  2833 | Sewer    | XOM: fog
  2849 | Sewer    | XOM: polymorph kobold -> rat
  2850 | Sewer    | Killed a kobold brigand
  2851 | Sewer    | Reached skill level 4 in Axes
  2851 | Sewer    | Reached XP level 5. HP: 25/55 MP: 5/5
  2858 | Sewer    | XOM: smoke on damage
  2865 | Sewer    | Gained mutation: You are partially covered in iridescent
                  | scales. (AC +2) [hidden potential]
  2918 | Sewer    | Found a white marble altar of Elyvilon.
  3048 | Sewer    | XOM: 4-stop teleportation journey
  3136 | D:3      | XOM: give mutations
  3136 | D:3      | Gained mutation: Your body sometimes deteriorates upon
                  | taking damage. [Xom's mischief]
  3136 | D:3      | Gained mutation: You are weak. (Str -2) [Xom's mischief]
  3167 | D:3      | XOM: repel stairs
  3195 | D:3      | Learned a level 1 spell: Foxfire
  3241 | D:3      | XOM: summons 3 hostile demons
  3242 | D:3      | Noticed a sun demon
  3242 | D:3      | Noticed a sun demon
  3243 | D:3      | XOM: butterfly on damage
  3243 | D:3      | HP: 1/55 [sun demon[Xom] (8)]
  3243 | D:3      | Mangled by a sun demon

Illustrated notes

Levels and vault maps discovered:
D:1:      kennysheep_arrival_forest, layout_loops_corners
D:2:      layout_basic
D:3:      layout_loops_ring, nicolae_overflow_crystal_walls,
          mainiacjoe_overflow_six_doors_small, marbit_many_paths,
          chequers_ecumenical_altar_twisty, portal_sewer_entry_f, serial_forest,
          infiniplex_forest_straight_1, infiniplex_forest_corner_2,
          infiniplex_forest_clump_medium, infiniplex_forest_diagonal,
          infiniplex_forest_split, infiniplex_forest_lined_2,
          infiniplex_forest_lined_2, minmay_snake_closets

Skill      XL: |  1  2  3  4 |
---------------+-------------+-----
Armour         | 2 |  2.7
Dodging        | 1 |  1.4
Stealth        | 1 |  1.5
Axes           | 4 |  4.4
Fighting       | |  3.8

Action                   |  1- 3 |  4- 6 || total
-------------------------+-------+-------++-------
Melee: Hand axe          |   101 |    66 ||   167
  Use: Scroll            |     5 |       ||     5
       Potion            |     1 |     1 ||     2
 Stab: Paralysed         |     1 |       ||     1
Armor: Leather armour    |    51 |    31 ||    82
Dodge: Dodged            |    76 |    52 ||   128

Table legend: (Time is in decaauts)
 A = Elapsed time spent in this place.
 B = Non-inter-level travel time spent in this place.
 C = Inter-level travel time spent in this place.
 D = Time resting spent in this place.
 E = Time spent auto-exploring this place.
 F = Levels seen in this place.
 G = Mean time per level.
                   A        B        C        D        E       F      G
               +--------+--------+--------+--------+--------+-----+--------+
         Total |   4275 |   4275 |      0 |    683 |      0 |   4 | 1068.8 |
       Dungeon |   3571 |   3571 |      0 |    426 |      0 |   3 | 1190.3 |
         Sewer |    704 |    704 |      0 |    257 |      0 |   1 |  704.0 |
               +--------+--------+--------+--------+--------+-----+--------+

Top non-repeatable levels by time:
     D:1: 1794 daAuts
     D:2: 1492 daAuts
   Sewer: 704 daAuts
     D:3: 284 daAuts
